Map: Gresvan LE

Players

IIIIIIIIIIII

  • Race: Protoss Protoss
  • League: Master

RubyNinja

  • Race: Protoss Protoss
  • League: Master

Highdra

  • Race: Protoss Protoss

Hexe

  • Race: Protoss Protoss

Alexandria

  • Race: Protoss Protoss

SoPro

  • Race: Protoss Protoss
  • Spawn Location: 5:00

kylos

  • Race: Protoss Protoss
  • League: Master
  • Spawn Location: 11:00

VOD

Have the link to the VOD?

Description

Time

  • Played on: Sept. 3, 2023, 7:53 a.m.
  • Length: 11:06
Show
View Real Time Build Order
Export as new Build Order

IIIIIIIIIIII Protoss 

Build Orders:  

Get SALT Encoding   

Show
View Real Time Build Order
Export as new Build Order

RubyNinja Protoss 

Build Orders:  

Get SALT Encoding   

Show
View Real Time Build Order
Export as new Build Order

Highdra Protoss 

Build Orders:  

Get SALT Encoding   

Show
View Real Time Build Order
Export as new Build Order

Hexe Protoss 

Build Orders:  

Get SALT Encoding   

Show
View Real Time Build Order
Export as new Build Order

Alexandria Protoss 

Build Orders:  

Get SALT Encoding   

Show
View Real Time Build Order
Export as new Build Order

SoPro Protoss 

Build Orders: Phoenix Opening, Blink Stalkers, Chargelot Immortal 

Get SALT Encoding   

  12  0:00  Probe  
  13  0:12  Probe  
  14  0:17  Pylon  
  14  0:24  Probe  
  15  0:32  Probe  
  15  0:37  Gateway  
  15  0:40  Probe  
  16  0:46  Assimilator  
  17  0:51  Probe  
  17  0:55  Assimilator  
  18  1:00  Probe  
  19  1:08  Gateway, Probe  
  19  1:17  Probe  
  21  1:26  Cybernetics Core  
  21  1:29  Probe  
  22  1:40  Pylon  
  22  1:41  Probe  
  23  1:50  Warp Gate  
  23  1:58  Probe  
  24  2:03  Stalker x2  
  28  2:10  Probe  
  29  2:18  Pylon  
  29  2:33  Stalker  
  29  2:36  Stalker  
  33  2:56  Nexus  
  33  3:02  Pylon  
  33  3:09  Sentry  
  33  3:11  Probe  
  36  3:14  Pylon  
  36  3:23  Probe  
  36  3:25  Twilight Council  
  37  3:36  Probe  
  37  3:39  Phoenix  
  37  3:41  Stalker x2  
  42  3:47  Shield Battery  
  42  3:48  Probe  
  43  3:58  Blink  
  43  4:00  Probe  
  44  4:04  Probe  
  45  4:12  Probe x2  
  47  4:22  Probe  
  47  4:24  Stalker  
  47  4:25  Stalker, Probe  
  47  4:30  Probe  
  53  4:37  Probe  
  55  4:40  Probe  
  55  4:43  Pylon  
  55  4:45  Robotics Facility  
  56  4:49  Probe  
  56  4:51  Gateway  
  57  4:54  Probe  
  58  5:04  Adept x2  
  62  5:09  Pylon  
  64  5:17  Nexus  
  62  5:24  Probe x2  
  61  5:29  Stalker  
  61  5:30  Stalker  
  61  5:33  Observer  
  66  5:36  Probe x2  
  67  5:48  Probe x2, Shield Battery  
  69  5:53  Stalker x2  
  73  6:00  Probe x2  
  73  6:02  Observer  
  73  6:04  Charge  
  76  6:12  Pylon, Probe x2  
  76  6:15  Pylon  
  76  6:18  Immortal  
  78  6:35  Adept x2  
  78  6:39  Gateway  
  82  6:41  Gateway, Probe x3  
  82  6:43  Gateway  
  82  6:46  Gateway  
  85  6:50  Warp Prism  
  85  6:53  Probe x2  
  87  6:56  Gateway  
  89  7:04  Probe  
  89  7:05  Probe x2  
  92  7:11  Sentry x3  
  92  7:14  Pylon  
  98  7:22  Immortal, Forge  
  94  7:35  Pylon, Adept x2  
  102  7:38  Zealot x4  
  102  7:42  Zealot  
  112  7:46  Protoss Ground Weapons Level 1  
  112  7:55  Photon Cannon, Pylon  
  112  7:56  Photon Cannon  
  112  7:57  Probe x2  
  114  8:09  Zealot x5  
  120  8:24  Zealot x3  
  116  8:32  Immortal  
  104  8:39  Zealot x5  
  92  8:55  Zealot x3  
  82  9:09  Immortal  
  74  9:10  Zealot  
  74  9:11  Zealot x4  
  74  9:14  Probe  
  74  9:15  Probe x2  
  84  9:25  Nexus  
  84  9:28  Stalker x3  
  89  9:33  Observer  
  89  9:39  Stalker  
  89  9:40  Stalker x3  
  89  9:41  Immortal  
  98  10:14  Stalker  
  98  10:15  Stalker  
  98  10:18  Zealot x6  
  113  10:28  Probe x3  
  116  10:40  Zealot  
  116  10:41  Zealot x7  
  126  10:43  Probe x4  
Show
View Real Time Build Order
Export as new Build Order

kylos Protoss 

Build Orders: Oracle Opening 

Get SALT Encoding   

  12  0:00  Probe  
  13  0:12  Probe  
  14  0:17  Pylon  
  14  0:25  Probe  
  15  0:36  Gateway  
  15  0:37  Probe (Chrono Boost)  
  16  0:48  Assimilator  
  16  0:49  Probe (Chrono Boost)  
  17  0:54  Probe (Chrono Boost)  
  17  0:56  Assimilator  
  18  1:03  Probe (Chrono Boost)  
  19  1:08  Gateway  
  19  1:15  Probe (Chrono Boost)  
  20  1:22  Probe (Chrono Boost)  
  21  1:26  Cybernetics Core  
  21  1:29  Probe  
  22  1:36  Pylon  
  22  1:41  Probe  
  23  1:54  Probe  
  24  2:02  Adept x2  
  24  2:03  Warp Gate  
  28  2:18  Pylon  
  28  2:25  Probe  
  29  2:32  Stalker  
  29  2:36  Stalker  
  33  2:39  Stargate  
  33  2:44  Probe  
  34  3:02  Pylon  
  34  3:12  Nexus  
  32  3:16  Probe  
  33  3:20  Oracle (Chrono Boost)  
  36  3:30  Sentry  
  38  3:35  Shield Battery, Probe  
  39  3:48  Oracle  
  42  4:01  Stalker  
  44  4:05  Probe  
  45  4:17  Probe  
  45  4:21  Twilight Council  
  45  4:24  Forge, Probe  
  47  4:29  Probe  
  48  4:36  Probe  
  49  4:44  Adept  
  49  4:45  Pylon  
  51  4:51  Probe x2  
  53  4:54  Assimilator  
  53  4:55  Protoss Ground Weapons Level 1 (Chrono Boost)  
  53  4:56  Blink  
  53  5:03  Probe  
  54  5:08  Probe  
  55  5:15  Probe  
  55  5:19  Nexus  
  55  5:20  Probe  
  57  5:26  Gateway  
  57  5:31  Gateway  
  57  5:34  Probe  
  57  5:35  Probe  
  59  5:46  Stalker x2, Probe  
  62  5:56  Probe  
  63  5:58  Probe  
  62  6:08  Probe  
  62  6:09  Stalker x2  
  65  6:14  Pylon, Probe  
  62  6:26  Stalker  
  62  6:28  Probe  
  62  6:29  Probe  
  62  6:30  Protoss Ground Weapons Level 2  
  62  6:32  Probe  
  66  6:38  Stalker x2  
  66  6:39  Stalker  
  72  6:41  Pylon  
  72  6:48  Probe x2  
  72  6:53  Probe  
  72  6:54  Stalker  
  72  7:00  Probe  
  72  7:01  Oracle  
  75  7:03  Probe  
  75  7:05  Gateway  
  75  7:08  Gateway  
  79  7:17  Stalker  
  79  7:18  Stalker  
  79  7:22  Shield Battery  
  83  7:25  Stalker  
  83  7:27  Probe  
  83  7:28  Probe  
  87  7:31  Probe  
  87  7:32  Stalker  
  90  7:40  Stalker  
  90  7:43  Probe  
  93  7:44  Stalker, Probe  
  96  7:52  Gateway x2  
  96  7:53  Stalker  
  98  7:59  Stalker  
  100  8:09  Pylon  
  100  8:12  Stalker  
  101  8:13  Pylon  
  101  8:14  Pylon  
  99  8:21  Stalker x2  
  99  8:25  Stalker x2  
  99  8:26  Stalker  
  81  8:35  Stalker  
  82  8:44  Stalker x2  
  78  8:50  Stalker  
  78  8:54  Stalker  
  78  8:55  Zealot x2  
  72  8:57  Zealot  
  61  9:03  Stalker  
  61  9:09  Probe  
  52  9:17  Probe x2 (Chrono Boost)  
  52  9:21  Probe (Chrono Boost)  
  55  9:28  Probe x2 (Chrono Boost)  
  55  9:30  Probe (Chrono Boost)  
  58  9:33  Probe x2 (Chrono Boost)  
  58  9:35  Probe (Chrono Boost)  
  61  9:43  Probe x2  
  63  9:47  Probe  
  64  9:53  Robotics Facility  
  64  9:55  Probe  
  64  9:56  Probe  
  64  9:59  Probe  
  67  10:11  Stalker, Shield Battery  
  70  10:15  Stalker x2  
  70  10:19  Stalker  
  73  10:22  Stalker  
  73  10:27  Shield Battery  
  75  10:29  Stalker  
  75  10:37  Stalker  
  75  10:40  Stalker  
  35  10:51  Stalker  
  35  10:53  Stalker  
Tags
 
Add a new tag
Caveats
  • Supply blocks, unpowered buildings, or Contaminate may cause inaccurate times.
  • Supply counts are checked every 10 seconds.